 Dungeon Crawl Stone Soup version 0.28-a0-1510-gd0f6b136d3 (webtiles) character file.

Game seed: 16523568282695440874

385 Hasart the Insei (level 6, -3/41 HPs)
             Began as an Octopode Transmuter on Jan 14, 2022.
             Slain by a scorpion (6 damage)
             ... on level 4 of the Dungeon.
             The game lasted 00:04:35 (4315 turns).

Hasart the Insei (Octopode Transmuter)              Turns: 4315, Time: 00:04:36

Health: -3/41      AC:  1    Str: 10    XL:     6   Next: 77%
Magic:  8/10       EV: 14    Int: 17    God:
Gold:   126        SH:  0    Dex: 18    Spells: 8/11 levels left

rFire   . . .      SeeInvis .     - Unarmed
rCold   . . .      Faith    .   (no shield)
rNeg    . . .      Spirit   .   (helmet currently unavailable)
rPois   .          Reflect  .   (no amulet)
rElec   .          Harm     .   e - +6 ring of dexterity
rCorr   .          Rampage  .   (no ring)
Will    .....                   (no ring)
Stlth   +++.......              (no ring)
HPRegen 0.13/turn               (no ring)
MPRegen 0.12/turn               (no ring)
                                (no ring)
                                (no ring)

@: appendages, wereblooded
A: tentacle spike 3, almost no armour, amphibious, 8 rings, camouflage 1,
gelatinous body 1, (nimble swimmer 1), tentacles
a: End Transformation


You were on level 4 of the Dungeon.
One of your tentacles had grown a beastly spike.
You visited 1 branch of the dungeon, and saw 4 of its levels.

You collected 126 gold pieces.

Inventory:

Jewellery
 e - a +6 ring of dexterity (left tentacle)
Scrolls
 c - a scroll of enchant armour {unknown}
 f - 2 scrolls of immolation {unknown}
 g - a scroll of identify {unknown}
Potions
 a - 3 potions of heal wounds {unknown}
 b - a potion of berserk rage {unknown}
 d - a potion of lignification {unknown}


   Skills:
 + Level 2.8 Fighting
 + Level 3.2 Dodging
 * Level 4.8 Unarmed Combat
 + Level 3.1 Spellcasting
 + Level 3.3 Transmutations


You had 8 spell levels left.
You knew the following spells:

 Your Spells              Type           Power      Damage    Failure   Level
a - Beastly Appendage     Tmut           28%        N/A       4%          1
b - Wereblood             Tmut           14%        N/A       7%          2

Your spell library contained the following spells:

 Spells                   Type           Power      Damage    Failure   Level
 Spider Form              Tmut/Pois      8%         N/A       26%         3
 Ice Form                 Ice/Tmut       8%         N/A       65%         4


Dungeon Overview and Level Annotations

Branches:
Dungeon (4/15)
 Temple: D:4-7

Altars:
Xom


Innate Abilities, Weirdness & Mutations

One of your tentacles has grown a beastly spike.
You cannot wear most types of armour.
You are amphibious.
You can wear up to eight rings at the same time.
Your skin changes colour to match your surroundings (Stealth+).
Your rubbery body absorbs attacks. (AC +1, EV +1)
((You are camouflaged when in or above water. (Stealth+)))
You have tentacles for arms and can constrict up to eight enemies at once.


Message History

A scorpion comes into view.
The orc priest misses you. The hound completely misses you.
You tentacle-slap the orc priest. You grab the orc priest.
You pierce the orc priest.
The orc priest is heavily wounded.
You constrict the orc priest, but do no damage.
The hound bites you.
The orc priest begins to cast a cantrip, but forgets the words!
You tentacle-slap the orc priest but do no damage.
You pierce the orc priest.
The orc priest is almost dead.
You constrict the orc priest.
You feel a bit better.
You kill the orc priest!
The hound bites you. The orc hits you with a +0 flail. The hound bites you.
Unknown command.
You tentacle-slap the orc. You grab the orc.
You pierce the orc.
You feel a bit better.
You kill the orc!
The hound closely misses you. The orc closely misses you.
You bludgeon the orc!
You feel a bit better.
You kill the orc!
The hound misses you. The hound closely misses you.
You tentacle-slap the hound but do no damage.
Your grab misses the hound. Your squeeze misses the hound.
The hound bites you. x2
The hound misses you. The hound barely misses you.
The scorpion completely misses you.
You barely miss the scorpion. Your grab misses the scorpion.
The orc hits you with a +0 dagger. The hound misses you. The hound bites you.
The scorpion closely misses you.
You closely miss the scorpion. Your grab misses the scorpion.
Your tentacle spike misses the scorpion.
The hound misses you. The hound bites you. The orc hits you with a +0 dagger.
The scorpion stings you!
* * * LOW HITPOINT WARNING * * *
You tentacle-slap the scorpion but do no damage.
Your grab misses the scorpion. Your squeeze misses the scorpion.
The hound misses you. The hound bites you.
* * * LOW HITPOINT WARNING * * *
The orc barely misses you. The scorpion stings you.
You die...

#########.........#
##......
#.................#
#.....##
#........##########
#.....#
#<.......#......(#
#.....#
#........'.......#
#.....#
#........#.......#
#.....+
#........#......<#
#.....#
#|.......#.>..s.(##..
#.....#
##+#######...@h...<..
#.....# #....oh......
##.......##..
#.......# #.......#
#........ ..........
....).......


You could see a scorpion, 2 hounds and an orc.

Vanquished Creatures
  A water moccasin (D:4)
  A hound (D:4)
  A centaur skeleton (D:4)
  A jelly (D:4)
  An orc priest (D:4)
  3 gnolls (D:3)
  6 adders
  A worm (D:2)
  3 dart slugs (D:3)
  2 orcs (D:4)
  9 endoplasms
  2 giant cockroaches
  3 goblins
  3 hobgoblins
  6 jackals
  3 quokkas
  8 ball pythons
  5 bats
  5 frilled lizards
  7 kobolds
  5 rats
76 creatures vanquished.

Notes
Turn   | Place    | Note
-------+----------+-------------------------------------------
     0 | D:1      | Hasart the Octopode Transmuter began the quest for the Orb.
     0 | D:1      | Reached XP level 1. HP: 13/13 MP: 3/3
   289 | D:1      | Reached XP level 2. HP: 13/18 MP: 5/5
   423 | D:1      | Learned a level 2 spell: Wereblood
   617 | D:1      | Found a faded altar of an unknown god.
   905 | D:1      | Reached XP level 3. HP: 23/23 MP: 6/6
  1375 | D:2      | HP: 1/23 [poisoned by an adder]
  1780 | D:2      | Reached XP level 4. HP: 25/29 MP: 3/7
  1876 | D:2      | Found Ulufeirph's Book Shop.
  2436 | D:3      | Found a shimmering altar of Xom.
  2448 | D:3      | Reached skill level 4 in Unarmed Combat
  2664 | D:3      | Reached XP level 5. HP: 21/34 MP: 6/8
  3587 | D:4      | Noticed a black bear
  3587 | D:4      | Noticed a water moccasin
  3596 | D:4      | Killed a water moccasin
  3597 | D:4      | Reached XP level 6. HP: 13/41 MP: 8/10
  4315 | D:4      | Slain by a scorpion

Illustrated notes

Levels and vault maps discovered:
D:1:      dpeg_arrival_windows_large_door, layout_basic,
          chequers_ecumenical_altar_simple_redux, minivault_23
D:2:      layout_basic, serial_shops, nicolae_shop_advertising_works
          [nicolae_subvault_shop_adworks]
D:3:      layout_basic, mainiacjoe_overflow_cross_hatched
D:4:      layout_gridville, grunt_temple_overflow_open, uniq_grinder

Skill      XL: |  1  2  3  4  5  6 |
---------------+-------------------+-----
Unarmed Combat | 4 |  4.8
Fighting       | 2 |  2.8
Dodging        | 3 |  3.2
Transmutations | 3 |  3.3
Spellcasting   | 3 |  3.1

Action                   |  1- 3 |  4- 6 || total
-------------------------+-------+-------++-------
Melee: Unarmed           |    61 |    90 ||   151
       Kick              |    12 |    20 ||    32
       Constrict         |    16 |    22 ||    38
       Tentacles         |    17 |    25 ||    42
       Punch             |     1 |     2 ||     3
 Cast: Beastly Appendage |     7 |     7 ||    14
       Wereblood         |     2 |     1 ||     3
 Stab: Sleeping          |     5 |    12 ||    17
Armor: Skin              |     5 |     7 ||    12
Dodge: Dodged            |    38 |    66 ||   104

Table legend: (Time is in decaauts)
 A = Elapsed time spent in this place.
 B = Non-inter-level travel time spent in this place.
 C = Inter-level travel time spent in this place.
 D = Time resting spent in this place.
 E = Time spent auto-exploring this place.
 F = Levels seen in this place.
 G = Mean time per level.
                   A        B        C        D        E       F      G
               +--------+--------+--------+--------+--------+-----+--------+
         Total |   4305 |   4152 |    153 |    837 |   2698 |   4 | 1076.2 |
       Dungeon |   4305 |   4152 |    153 |    837 |   2698 |   4 | 1076.2 |
               +--------+--------+--------+--------+--------+-----+--------+

Top non-repeatable levels by time:
     D:2: 1375 daAuts
     D:1: 1260 daAuts
     D:3: 1020 daAuts
     D:4: 648 daAuts
